 Dungeon Crawl Stone Soup version 0.31-a0-1363-g282adc6 (webtiles) character file.

Game seed: 16757602702481597100

697 blake the Poker (level 7, -2/61 HPs)
             Began as a Hill Orc Berserker on Dec 23, 2023.
             Was a Believer of Trog.
             Slain by a mummy (16 damage)
             ... in an ossuary.
             The game lasted 00:11:05 (4566 turns).

blake the Poker (Hill Orc Berserker)                Turns: 4566, Time: 00:11:05

Health: -2/61      AC:  5    Str: 22    XL:     7   Next: 65%
Magic:  7/7        EV: 11    Int:  7    God:    Trog [**....]
Gold:   354        SH:  0    Dex: 10    Spells: 6/6 levels left

rFire   . . .        c - +0 trident (flame)
rCold   . . .        (no shield)
rNeg    . . .        t - +0 ring mail
rPois   .            (no helmet)
rElec   .            (no cloak)
rCorr   .            (no gloves)
SInv    .            (no boots)
Will    .....        (no amulet)
Stlth   +            (no ring)
HPRegen 0.30/turn    (no ring)
MPRegen 0.10/turn

%: no passive effects
@: marked, on berserk cooldown, attractive, hasted and slowed
A: no striking features
a: Renounce Religion, Berserk, Trog's Hand


You were in an ossuary.
You worshipped Trog.
Trog was pleased with you.
You visited 1 branch of the dungeon, and saw 6 of its levels.
You also visited: Ossuary.

You collected 354 gold pieces.

Inventory:

Hand Weapons
 a - a +0 hand axe
 c - a +0 trident of flaming (weapon)
Armour
 b - a +0 animal skin
 t - a +0 ring mail (worn)
Scrolls
 d - 2 scrolls of poison {unknown}
 e - 2 scrolls of fear {unknown}
 h - a scroll of teleportation {unknown}
 i - a scroll of identify {unknown}
 k - a scroll of brand weapon {unknown}
 m - a scroll of fog {unknown}
 p - a scroll of acquirement {unknown}
 q - a scroll of enchant weapon {unknown}
 s - a scroll of summoning {unknown}
Potions
 j - a potion of haste
 l - 2 potions of lignification {unknown}
 n - a potion of degeneration {unknown}
 o - 2 potions of berserk rage {unknown}
 r - 2 potions of might {unknown}


   Skills:
 + Level 5.4 Fighting
 - Level 4.0(6.5) Axes
 * Level 6.7(7.1) Polearms
 + Level 2.8 Armour
 + Level 2.8 Dodging
 + Level 1.2 Stealth


You had 6 spell levels left.
You didn't know any spells.
Your spell library was empty.

Dungeon Overview and Level Annotations

Branches:
Dungeon (6/15)            Ossuary (1/1)
 Temple: D:4-7

Altars:
Makhleb
Okawaru


Message History

The hobgoblin zombie hits you but does no damage.
The hobgoblin zombie misses you.
You puncture the centaur zombie! You burn the centaur zombie.
You destroy the centaur zombie!
Trog accepts your kill.
The hobgoblin zombie hits you but does no damage.
The hobgoblin zombie barely misses you.
You completely miss the hobgoblin zombie.
The hobgoblin zombie hits you.
You barely miss the hobgoblin zombie. The mummy hits you but does no damage.
The hobgoblin zombie barely misses you.
You puncture the hobgoblin zombie! You burn the hobgoblin zombie.
You destroy the hobgoblin zombie!
Trog accepts your kill. The mummy hits you but does no damage.
The mummy completely misses you.
It was a potion of curing.
You feel better.
The hobgoblin zombie hits you but does no damage.
The mummy hits you! The mummy barely misses you.
You barely miss the hobgoblin zombie.
The hobgoblin zombie closely misses you.
The mummy closely misses you. The hobgoblin zombie barely misses you.
The mummy hits you!
You hit the hobgoblin zombie. You burn the hobgoblin zombie.
The hobgoblin zombie is heavily damaged.
The mummy hits you but does no damage. The hobgoblin zombie barely misses you.
It was a potion of attraction.
You feel attractive to monsters. The mummy misses you.
The hobgoblin zombie hits you but does no damage.
The mummy barely misses you.
It was a potion of haste.
You feel yourself speed up. The mummy hits you.
* * * LOW HITPOINT WARNING * * *
The hobgoblin zombie hits you but does no damage.
You hit the hobgoblin zombie. You burn the hobgoblin zombie.
The hobgoblin zombie is almost destroyed.
The mummy hits you.
* * * LOW HITPOINT WARNING * * *
The hobgoblin zombie closely misses you.
The mummy hits you!
You die...

.......
##.....##
.......
##..^..##
#.......
#^^...#
#.....#
#.ZMM.#
#..@..#
#.....#
#..∩..#
#.....#
#.....#
#.....#
#.....#
##...##
#####


You could see 2 mummies and a hobgoblin zombie.

Vanquished Creatures
  A phantom (D:5)
  Blork the orc (D:5)
  A killer bee (D:6)
  5 centaur zombies (Ossuary)
  3 hounds
  An orc priest (D:6)
  3 iguanas
  3 mummies (Ossuary)
  2 adders
  A gnoll (D:1)
  A bombardier beetle (D:6)
  2 worms (D:2)
  3 dart slugs
  6 orcs (D:3)
  4 bats
  3 endoplasms
  5 giant cockroaches
  4 goblins
  9 hobgoblins
  6 jackals (D:1)
  7 quokkas
  3 ball pythons
  2 frilled lizards
  2 hobgoblin zombies (Ossuary)
  7 kobolds
  5 rats
90 creatures vanquished.

Notes
Turn   | Place    | Note
-------+----------+-------------------------------------------
     0 | D:1      | blake the Hill Orc Berserker began the quest for the Orb.
     0 | D:1      | Reached XP level 1. HP: 19/19 MP: 1/1
   113 | D:1      | Reached XP level 2. HP: 20/27 MP: 2/2
   121 | D:1      | Reached skill level 1 in Polearms
   387 | D:1      | Reached XP level 3. HP: 29/34 MP: 3/3
   703 | D:1      | Reached ** piety under Trog
  1500 | D:2      | Reached skill level 2 in Polearms
  1610 | D:2      | Found a faded altar of an unknown god.
  2098 | D:2      | Reached XP level 4. HP: 34/41 MP: 4/4
  2297 | D:3      | Found a burning altar of Makhleb.
  2514 | D:3      | Reached skill level 3 in Polearms
  2852 | D:3      | Noticed a black bear
  3318 | D:4      | Reached XP level 5. HP: 47/47 MP: 5/5
  3440 | D:4      | Found an iron altar of Okawaru.
  3617 | D:4      | Noticed a black bear
  3628 | D:5      | Entered Level 5 of the Dungeon
  3635 | D:5      | Noticed Blork the orc
  3644 | D:5      | Killed Blork the orc
  3645 | D:5      | Reached skill level 4 in Polearms
  3858 | D:5      | HP: 2/47 [iguana (5)]
  3860 | D:5      | Reached XP level 6. HP: 2/55 MP: 6/6
  4061 | D:5      | Reached skill level 5 in Fighting
  4061 | D:5      | Reached skill level 5 in Polearms
  4172 | D:5      | Noticed a black bear
  4363 | D:6      | Reached skill level 1 in Stealth
  4363 | D:6      | Reached XP level 7. HP: 61/61 MP: 7/7
  4370 | D:6      | Reached skill level 6 in Polearms
  4422 | D:6      | Found a sand-covered staircase.
  4427 | Ossuary  | Entered an ossuary
  4566 | Ossuary  | Slain by a mummy

Illustrated notes

Levels and vault maps discovered:
D:1:      lemuel_arrival_river_ford, layout_basic,
          chequers_serial_rivers_micro_b, minmay_statues_item
D:2:      layout_basic, dreamdust_ecumenical_altar_angels_and_demons
D:3:      layout_loops_ring, lightli_temple_of_fire
D:4:      layout_cave_pods, mainiacjoe_overflow_alcove_4,
          minmay_temple_entry_overgrown, saegor_snake_ambush, uniq_edmund
D:5:      layout_basic, uniq_blork_the_orc
D:6:      minmay_recursive_quarters, layout_basic, enter_ossuary_2, minivault_19
Ossuary:  ossuary_the_hunt_dpeg

Skill      XL: |  1  2  3  4  5  6  7 |
---------------+----------------------+-----
Fighting       | 4 5 |  5.4
Polearms       | 1 2 3 4 5 6 |  6.7
Dodging        | 2 |  2.8
Stealth        | 1 |  1.2
Axes           | |  4.0
Armour         | |  2.8

Action                     |  1- 3 |  4- 6 |  7- 9 || total
---------------------------+-------+-------+-------++-------
  Melee: Trident           |   104 |   175 |    57 ||   336
         Punch             |     1 |     1 |     1 ||     3
 Invoke: Berserk           |       |     5 |     2 ||     7
         Trog's Hand       |       |     1 |     1 ||     2
    Use: Potion            |       |       |     3 ||     3
   Stab: Sleeping          |     2 |     1 |       ||     3
 Armour: Animal skin       |    55 |   101 |       ||   156
         Ring mail         |       |       |   136 ||   136
  Dodge: Dodged            |    56 |   101 |    93 ||   250

Table legend: (Time is in decaauts)
 A = Elapsed time spent in this place.
 B = Non-inter-level travel time spent in this place.
 C = Inter-level travel time spent in this place.
 D = Time resting spent in this place.
 E = Time spent auto-exploring this place.
 F = Levels seen in this place.
 G = Mean time per level.
                   A        B        C        D        E       F      G
               +--------+--------+--------+--------+--------+-----+--------+
         Total |   4681 |   4505 |    176 |      6 |   3762 |   7 |  668.7 |
       Dungeon |   4528 |   4352 |    176 |      4 |   3678 |   6 |  754.7 |
       Ossuary |    152 |    152 |      0 |      2 |     83 |   1 |  152.0 |
               +--------+--------+--------+--------+--------+-----+--------+

Top non-repeatable levels by time:
     D:1: 1428 daAuts
     D:2: 881 daAuts
     D:3: 865 daAuts
     D:5: 583 daAuts
     D:4: 518 daAuts
     D:6: 251 daAuts
 Ossuary: 152 daAuts
